 Dungeon Crawl Stone Soup version 0.28.0-1-gb440e238dd (webtiles) character file.

Game seed: 14758856585603761687

129 RascalDebosk the Firebug (level 4, -3/35 HPs)
             Began as a Draconian Fire Elementalist on Feb 17, 2022.
             Killed from afar by Natasha (4 damage)
             ... with a magic dart
             ... on level 3 of the Dungeon on Feb 19, 2022.
             The game lasted 00:40:38 (2519 turns).

RascalDebosk the Firebug (DrFE)                     Turns: 2519, Time: 00:40:40

Health: -3/35      AC:  5    Str: 10    XL:     4   Next: 88%
Magic:  7/8        EV: 12    Int: 18    God:
Gold:   84         SH:  0    Dex: 11    Spells: 2/8 levels left

rFire   . . .      SeeInvis .   q - +0 dagger
rCold   . . .      Faith    .   (no shield)
rNeg    . . .      Spirit   .   (armour unavailable)
rPois   .          Reflect  .   (helmet restricted)
rElec   .          Harm     .   (no cloak)
rCorr   .          Rampage  .   (no gloves)
Will    .....                   (no boots)
Stlth   ++........              m - amulet of magic regeneration
HPRegen 0.11/turn               (no ring)
MPRegen 0.51/turn               (no ring)

@: no status effects
A: AC +5, unfitting armour, cold-blooded
a: no special abilities


You were on level 3 of the Dungeon.
You visited 1 branch of the dungeon, and saw 3 of its levels.

You collected 84 gold pieces.

Inventory:

Hand Weapons
 d - a +0 club
 i - a +0 short sword
 q - a +0 dagger (weapon)
Jewellery
 m - an amulet of magic regeneration (around neck)
 p - a +6 ring of strength
 r - a +6 ring of strength
Wands
 o - a wand of polymorph (11)
 s - a wand of mindburst (15)
Scrolls
 a - a scroll of enchant armour {unknown}
 e - 3 scrolls of identify {unknown}
 j - a scroll of enchant weapon {unknown}
Potions
 b - a potion of mutation {unknown}
 c - 2 potions of lignification {unknown}
 f - 2 potions of cancellation {unknown}
 g - 2 potions of attraction {unknown}
 h - 3 potions of curing {unknown}
 k - a potion of degeneration {unknown}
 l - 2 potions of invisibility {unknown}
 n - 2 potions of resistance {unknown}


   Skills:
 + Level 1.1 Fighting
 + Level 0.6 Short Blades
 + Level 2.1 Dodging
 + Level 2.1 Stealth
 * Level 2.7 Spellcasting
 * Level 2.1 Conjurations
 * Level 1.3 Hexes
 * Level 3.5 Fire Magic


You had 2 spell levels left.
You knew the following spells:

 Your Spells              Type           Power      Damage    Failure   Level
a - Foxfire               Conj/Fire      48%        2x1d6     5%          1
b - Scorch                Fire           30%        2d6       6%          2
c - Inner Flame           Hex/Fire       11%        N/A       19%         3

Your spell library contained the following spells:

 Spells                   Type           Power      Damage    Failure   Level
 Conjure Flame            Conj/Fire      12%        6-21      16%         3
 Ignite Poison            Fire/Tmut/Pois 6%         N/A       30%         3
 Flame Wave               Conj/Fire      12%        2d6       45%         4
 Sticky Flame             Conj/Fire      12%        2d4       45%         4
 Petrify                  Tmut/Erth      2%         N/A       86%         4
 Metabolic Englaciation   Hex/Ice        2%         N/A       98%         5
 Statue Form              Tmut/Erth      1%         N/A       100%        6


Dungeon Overview and Level Annotations

Branches:
Dungeon (3/15)

Altars:

Annotations:
D:3 Natasha


Innate Abilities, Weirdness & Mutations

Your plain brown scales are hard. (AC +5)
You cannot fit into any form of body armour.
You are cold-blooded and may be slowed by cold attacks.


Message History

Press: ? - help, Q - select action, (/) - cycle Dir - look around, f - activate You conjure some foxfire!
The foxfire hits the orc but does no damage.
The orc closely misses you.
The orc priest looks braver for a moment.
The orc hits you but does no damage.
Casting: Foxfire (safe; 5% risk of failure)
Press: ? - help, Q - select action, (/) - cycle Dir - look around, f - activate You conjure some foxfire!
The foxfire hits the orc but does no damage.
The orc is heavily wounded.
The orc barely misses you.
The foxfire hits the orc.
The orc is heavily wounded.
Casting: Foxfire (safe; 5% risk of failure)
Press: ? - help, Q - select action, (/) - cycle Dir - look around, f - activate You conjure some foxfire!
The orc hits you with a +0 short sword.
Unknown command.
Casting: Foxfire (safe; 5% risk of failure)
Press: ? - help, Q - select action, (/) - cycle Dir - look around, f - activate
There is not enough space to conjure foxfire!
Your foxfire dissipates!
The foxfire hits the orc.
You kill the orc!
The orc hits you but does no damage.
An orc comes into view. It is wielding a +0 whip.
The orc hits you but does no damage.
The orc priest miscasts a cantrip.
Natasha, Servant of Life and Death comes into view.
The orc priest begins to cast a cantrip, but forgets the words!
The orc priest mumbles some strange prayers to Beogh against you.
Beogh smites you!
* * * LOW HITPOINT WARNING * * *
Natasha hisses angrily.
Casting: Foxfire (safe; 5% risk of failure)
Press: ? - help, Q - select action, (/) - cycle Dir - look around, f - activate You conjure some foxfire!
Natasha stares at you and mumbles some strange words.
The magic dart hits you.
You die...

######## ###### #....).# #....#
#############......####....#####
..... ....'........รท.....'....
####.######.##..hv..####....###.#
.........o...o.o@...#.......# #.#
####)######.#.##v..##.#.##### #.#
#.# #..#.#.##...##.#.# #.# #.#
#..#.#.##...##.#.# #.# ####.#
#..#.#.##.#.##.#.# #.#
.....###..#.#.##.#..#.#.# #.#
##........)...##.##.#.#.# #.#
#.......##.####.##...#.# #.#
#..........# #.###..#.# #.#


You could see an orc priest, Natasha (ally target) and 2 orcs.

Vanquished Creatures
  Ijyb (D:3)
  Natasha (D:3)
  2 adders
  A worm (D:2)
  2 dart slugs
  2 orcs (D:3)
  5 endoplasms
  4 goblins
  5 hobgoblins
  6 kobolds
  2 quokkas
  4 ball pythons
  10 bats
  6 rats
51 creatures vanquished.

Vanquished Creatures (others)
  126 foxfires
126 creatures vanquished.

Grand Total: 177 creatures vanquished

Notes
Turn   | Place    | Note
-------+----------+-------------------------------------------
     0 | D:1      | RascalDebosk the Draconian Fire Elementalist began the
                  | quest for the Orb.
     0 | D:1      | Reached XP level 1. HP: 14/14 MP: 3/3
    27 | D:1      | Found a faded altar of an unknown god.
    94 | D:1      | Reached XP level 2. HP: 15/20 MP: 0/5
  1256 | D:2      | Reached XP level 3. HP: 25/27 MP: 3/6
  1520 | D:2      | Learned a level 2 spell: Scorch
  1524 | D:2      | Learned a level 3 spell: Inner Flame
  1614 | D:2      | Reached skill level 1 in Hexes
  2195 | D:3      | Noticed Natasha
  2210 | D:3      | Killed Natasha
  2211 | D:3      | Reached XP level 4. HP: 25/34 MP: 7/7
  2375 | D:3      | Upgraded the game from 0.28.0 to 0.28.0-1-gb440e238dd
  2392 | D:3      | Reached skill level 1 in Fighting
  2468 | D:3      | Noticed Ijyb
  2475 | D:3      | Killed Ijyb
  2515 | D:3      | Noticed Natasha
  2516 | D:3      | HP: 1/35 [orc priest/divine providence (13)]
  2519 | D:3      | Killed from afar by Natasha

Illustrated notes

Levels and vault maps discovered:
D:1:      ncdulo_wetmaze, layout_basic, hellmonk_ecumenical_altar_leap_of_faith,
          minmay_hexomino_u4
D:2:      layout_basic, st_stairs_11
D:3:      layout_basic, uniq_natasha, uniq_ijyb

Skill      XL: |  1  2  3  4 |
---------------+-------------+-----
Dodging        | 2 |  2.1
Hexes          | 1 |  1.3
Stealth        | 2 |  2.1
Conjurations   | 2 |  2.1
Fighting       | 1 |  1.1
Short Blades   | |  0.6
Spellcasting   | |  2.7
Fire Magic     | |  3.5

Action                   |  1- 3 |  4- 6 || total
-------------------------+-------+-------++-------
Melee: Unarmed           |     6 |       ||     6
       Tailslap          |     2 |       ||     2
       Short sword       |    10 |     4 ||    14
       Dagger            |       |     2 ||     2
       Punch             |       |     1 ||     1
 Cast: Foxfire           |    64 |    25 ||    89
       Scorch            |       |     2 ||     2
Armor: Skin              |    21 |    10 ||    31
Dodge: Dodged            |    40 |    13 ||    53
